 Dungeon Crawl Stone Soup version 0.28.0-53-g5a82cb258f (webtiles) character file.

Game seed: 7668716729860534593

2680 DildoBatman the Chiller (level 9, -6/56 (61) HPs)
             Began as a Formicid Conjurer on July 5, 2022.
             Was a Believer of Kikubaaqudgha.
             Mangled by an orc warrior
             ... wielding a +0 glaive
              (12 damage)
             ... on level 10 of the Dungeon.
             The game lasted 00:28:59 (7573 turns).

DildoBatman the Chiller (Formicid Conjurer)         Turns: 7573, Time: 00:28:59

HP:   -6/56 (61)    AC:  4    Str: 12    XL:     9   Next: 95%
MP:   3/19          EV: 12    Int: 18    God:    Kikubaaqudgha [**....]
Gold: 365           SH:  0    Dex: 13    Spells: 3/22 levels left

rFire   . . .      SeeInvis +   a - +4 falchion
rCold   . . .      Faith    .   (no shield)
rNeg    . . .      Spirit   .   q - +0 robe
rPois   .          Reflect  .   (helmet unavailable)
rElec   .          Harm     .   t - +1 cloak
rCorr   +          Rampage  .   (no gloves)
Will    .....                   (no boots)
Stlth   ++........              (no amulet)
HPRegen 0.18/turn               O - ring of resist corrosion
MPRegen 0.16/turn               P - ring of wizardry

@: freezing walls, drained
A: permanent stasis, dig shafts and tunnels, antennae 3, four strong arms
a: Dig, Shaft Self, Renounce Religion, Receive Corpses


You were on level 10 of the Dungeon.
You worshipped Kikubaaqudgha.
Kikubaaqudgha was pleased with you.
You visited 2 branches of the dungeon, and saw 11 of its levels.
You also visited: Bailey.

You collected 365 gold pieces.

Inventory:

Hand Weapons
 a - a +4 falchion (weapon)
 b - a +0 hunting sling
 d - a +2 flail of protection
 e - a +1 trident of freezing
 M - a +1 trident of protection
Missiles
 c - 172 stones
 h - 8 poisoned darts (quivered)
 k - 40 bolts
 n - 30 sling bullets
 w - 55 arrows
 B - 20 boomerangs
Armour
 q - a +0 robe (worn)
 t - a +1 cloak (worn)
 N - a +0 kite shield
Magical Staves
 z - a staff of death
Jewellery
 O - a ring of resist corrosion (left hand)
 P - a ring of wizardry (right hand)
Wands
 J - a wand of polymorph (7)
Scrolls
 i - a scroll of enchant armour {unknown}
 j - 2 scrolls of holy word
 l - 2 scrolls of noise {unknown}
 s - a scroll of silence {unknown}
 u - a scroll of magic mapping {unknown}
 v - 2 scrolls of fear {unknown}
 y - a scroll of summoning {unknown}
 A - a scroll of enchant weapon {unknown}
 C - a scroll of immolation {unknown}
 D - a scroll of fog {unknown}
 F - a scroll of blinking {unknown}
Potions
 f - 3 potions of curing {unknown}
 g - a potion of might {unknown}
 m - a potion of brilliance {unknown}
 o - a potion of resistance {unknown}
 p - a potion of flight {unknown}
 r - 3 potions of mutation {unknown}
 x - 3 potions of magic
 E - 2 potions of heal wounds {unknown}
 G - a potion of haste {unknown}
 H - a potion of experience
 K - 2 potions of lignification {unknown}
 L - a potion of attraction {unknown}
Miscellaneous
 I - a piece from Xom's chessboard (15/15)


   Skills:
 - Level 2.0 Fighting
 - Level 2.0 Armour
 - Level 1.7 Dodging
 - Level 2.4 Stealth
 - Level 7.0 Spellcasting
 - Level 6.0 Conjurations
 * Level 5.0 Necromancy
 * Level 7.5 Ice Magic


You had 3 spell levels left.
You knew the following spells:

 Your Spells              Type           Power      Damage    Failure   Level
a - Searing Ray           Conj           54%        2d6       1%          2
b - Frozen Ramparts       Ice            66%        1d8       1%          3
c - Magic Dart            Conj           100%       1d8       1%          1
d - Vampiric Draining     Necr           24%        2d7       1%          3
e - Ice Form              Ice/Tmut       19%        N/A       9%          4
h - Dispel Undead         Necr           24%        3d12      5%          4
z - Sublimation of Blood  Necr           24%        N/A       1%          2

Your spell library contained the following spells:

 Spells                   Type           Power      Damage    Failure   Level
 Animate Skeleton         Necr           48%        N/A       1%          1
 Corpse Rot               Necr/Air       30%        N/A       2%          2
 Dazzling Flash           Conj/Hex       34%        N/A       4%          3
 Summon Ice Beast         Ice/Summ       19%        N/A       9%          4
 Fulminant Prism          Conj/Hex       8%         3d7       12%         4
 Iskenderun's Mystic Bla  Conj/Tloc      17%        2d5       12%         4
 Death Channel            Necr           12%        N/A       58%         6


Dungeon Overview and Level Annotations

Branches:
Dungeon (11/15)            Temple (1/1) D:5          Bailey (visited)
   Lair: D:8-11         Orc: D:9-12

Altars:
Cheibriados
Dithmenos
Elyvilon
Fedhas
Gozag
Hepliaklqana
Kikubaaqudgha
Makhleb
Nemelex Xobeh
Okawaru
Qazlal
Ru
Sif Muna
Trog
Uskayaw
Vehumet
Wu Jian
Xom
Yredelemnul
Zin
The Shining One

Shops:
D:5 *

Annotations:
D:4 1 runed translucent door, Lemuel's ghost, amateur MiFi
D:6 exclusion: orc warlord


Innate Abilities, Weirdness & Mutations

You cannot be hasted, slowed, berserked, paralysed or teleported.
You can dig through walls and to a lower floor.
You have a pair of large antennae on your head. (SInv)
Your four strong arms can wield two-handed weapons with a shield.


Message History

Unknown command.
You completely miss the orc.
The wall freezes the orc.
The orc misses you.
The wall freezes the orc!
You kill the orc!
Kikubaaqudgha accepts your kill.
You start resting.
The frozen ramparts melt away.
You start resting.
You sense a monster nearby.
You start resting.
An orc warrior is nearby!
Casting: Vampiric Draining (safe; 1% risk of failure)
Confirm with . or Enter, or press ? or * to list all spells.
Casting: Frozen Ramparts (safe; 1% risk of failure)
Press: ? - help, Dir - look around, f - activate The walls around you are covered in ice.
The wall freezes the orc warrior!
The orc warrior hits you with a +0 glaive!
Casting: Frozen Ramparts (safe; 1% risk of failure)
Confirm with . or Enter, or press ? or * to list all spells.
Aiming: Vampiric Draining (safe; 1% risk of failure)
Press: ? - help, Shift-Dir - straight line, f - orc warrior
Aim: an orc warrior, wielding a +0 glaive and wearing a +0 chain mail (moderately wounded)
You draw life force from the orc warrior!
You feel life coursing into your body.
The wall freezes the orc warrior.
The orc warrior hits you with a +0 glaive!!
Casting: Vampiric Draining (safe; 1% risk of failure)
Confirm with . or Enter, or press ? or * to list all spells.
Aiming: Vampiric Draining (safe; 1% risk of failure)
Press: ? - help, Shift-Dir - straight line, f/p - orc warrior
Aim: an orc warrior, wielding a +0 glaive and wearing a +0 chain mail (heavily wounded)
You draw life force from the orc warrior.
You feel life coursing into your body.
The wall freezes the orc warrior.
The orc warrior hits you with a +0 glaive!
You die...
Kikubaaqudgha rasps: "You have failed me!
Welcome... death!"

.##......?..ยง# ..
............## Z..
#..........>## ....
#...)..{{.{.## ....z
#..$######{.##zZo...
##.{.{.###..o.o..Zo
##.##{..){.z......
##o######........
##@## ##....... #.##
###.... ### ####


You could see an orc warrior.

Vanquished Creatures
  A shadow (D:11)
  An acid dragon (D:11)
  A water moccasin (D:5)
  4 orc warriors
  2 black bears (D:5)
  3 ogres
  2 centaurs
  3 phantoms
  A gnoll sergeant (D:11)
  2 scorpions
  5 wights (D:7)
  A jelly (D:2)
  4 orc priests (D:6)
  A hound (D:5)
  A centaur skeleton (D:6)
  Terence (D:3)
  An iguana (D:4)
  5 orc wizards
  3 killer bee zombies
  A howler monkey zombie (D:6)
  6 gnolls
  6 adders
  3 shadow imps
  3 ufetubi
  An adder zombie (D:5)
  An adder skeleton (D:4)
  3 dart slugs
  24 orcs
  7 ball pythons
  11 endoplasms
  3 giant cockroaches
  18 goblins
  10 hobgoblins
  4 jackals
  4 quokkas
  6 bats
  6 frilled lizards
  18 kobolds
  7 rats
184 creatures vanquished.

Vanquished Creatures (others)
  2 plants (D:6)
2 creatures vanquished.

Grand Total: 186 creatures vanquished

Notes
Turn   | Place    | Note
-------+----------+-------------------------------------------
     0 | D:1      | DildoBatman the Formicid Conjurer began the quest for the
                  | Orb.
     0 | D:1      | Reached XP level 1. HP: 13/13 MP: 3/3
   189 | D:1      | Reached XP level 2. HP: 12/19 MP: 1/5
   192 | D:1      | Learned a level 2 spell: Searing Ray
   355 | D:1      | Reached XP level 3. HP: 18/24 MP: 2/6
   791 | D:2      | Found a shimmering altar of Xom.
   987 | D:2      | Reached skill level 5 in Conjurations
   987 | D:2      | Reached XP level 4. HP: 30/30 MP: 1/7
  1280 | D:2      | Found a faded altar of an unknown god.
  1632 | D:3      | Reached XP level 5. HP: 36/36 MP: 4/8
  1664 | D:3      | Noticed Terence
  1768 | D:3      | Reached skill level 1 in Fighting
  2037 | D:4      | Reached skill level 1 in Armour
  2171 | D:4      | Reached XP level 6. HP: 43/43 MP: 6/10
  2210 | D:4      | Found a runed translucent door.
  2215 | D:4      | Noticed Lemuel's ghost (amateur MiFi)
  2716 | D:4      | Found an ornate altar of the Wu Jian Council.
  3011 | D:5      | Entered Level 5 of the Dungeon
  3045 | D:5      | Noticed a water moccasin
  3083 | D:5      | Found Qerur's Lightly-Used Armoury.
  3147 | D:5      | Found a staircase to the Ecumenical Temple.
  3155 | Temple   | Entered the Ecumenical Temple
  3224 | Temple   | Became a worshipper of Kikubaaqudgha
  3415 | D:3      | Reached XP level 7. HP: 41/50 MP: 3/13
  3477 | D:3      | Killed Terence
  3595 | D:5      | Reached skill level 5 in Spellcasting
  3666 | D:5      | Learned a level 3 spell: Frozen Ramparts
  3740 | D:5      | Reached skill level 1 in Ice Magic
  3957 | D:5      | Reached XP level 8. HP: 50/56 MP: 8/16
  4152 | D:6      | Found a shimmering altar of Xom.
  4198 | D:6      | Found a stormy altar of Qazlal.
  4288 | D:6      | Reached * piety under Kikubaaqudgha
  4288 | D:6      | Received a gift from Kikubaaqudgha
  4777 | D:6      | Reached skill level 5 in Ice Magic
  4777 | D:6      | Reached XP level 9. HP: 29/61 MP: 14/19
  4780 | D:6      | Learned a level 2 spell: Sublimation of Blood
  4784 | D:6      | Learned a level 3 spell: Vampiric Draining
  4789 | D:6      | Learned a level 4 spell: Dispel Undead
  4890 | D:6      | Found an opulent altar of Gozag.
  4966 | D:6      | Found a shadowy altar of Dithmenos.
  4993 | D:6      | Reached skill level 1 in Necromancy
  5061 | D:6      | Found a blossoming altar of Fedhas.
  5295 | D:7      | Found a flagged portal.
  5384 | D:7      | Found a sacrificial altar of Ru.
  5532 | D:7      | Reached ** piety under Kikubaaqudgha
  5604 | Bailey   | Entered a bailey
  5649 | Bailey   | Noticed an orc warlord
  5927 | Bailey   | Found a runed translucent gate.
  5928 | Bailey   | Found a runed translucent gate.
  5929 | Bailey   | Found a runed translucent gate.
  6227 | Bailey   | Learned a level 4 spell: Ice Form
  7066 | D:8      | You fall into a shaft and drop 3 floors!
  7345 | D:11     | Noticed a boulder beetle
  7540 | D:10     | Entered Level 10 of the Dungeon
  7541 | D:10     | Found a hide-covered altar of Uskayaw.
  7563 | D:10     | Reached skill level 5 in Necromancy
  7573 | D:10     | Mangled by an orc warrior

Illustrated notes

Levels and vault maps discovered:
D:1:      co_arrival_random_square_maze, layout_basic
D:2:      layout_basic, ebering_ecumenical_altar_hall, serial_rivers,
          chequers_serial_rivers_room_a, chequers_serial_rivers_large_b,
          chequers_serial_rivers_marsh, chequers_serial_rivers_small_a,
          chequers_serial_rivers_micro_c, basic_altar, minivault_23,
          minmay_fractal_squares_5
D:3:      layout_rooms, uniq_terence
D:4:      layout_loops_corners, nzn_wu_jian_contemplation, ebering_ghost_sewer_d
D:5:      layout_cave_pools, minmay_temple_entry_ruins, minmay_shop_damaged
D:6:      layout_basic, mainiacjoe_overflow_small_starburst,
          grunt_dithmenos_shadows, fedhas_ov_isle_minmay,
          mainiacjoe_overflow_tiny_flanked, nicolae_gozag_seed_capital,
          st_stairs_6, hex_large, hangedman_abyss_or_decor_slice,
          hangedman_decor_growths
D:7:      layout_rooms, nicolae_ru_great_annihilating_truth, enter_bailey_3
D:8:      layout_gridville, ashenzari_conservatory_becter, serial_shops,
          kennysheep_little_box, hellmonk_bongcloud_opening,
          nicolae_benzene_ring
D:10:     layout_rooms, eat_drink_and_be_merry_uskayaw,
          minmay_orc_entry_temple_small, serial_shops, nicolae_stop_n_shop_1
D:11:     layout_loops_corners, grunt_lair_entry_orc_guard_hut
Temple:   nicolae_temple_god_jail

Skill      XL: |  1  2  3  4  5  6  7  8  9 |
---------------+----------------------------+-----
Conjurations   | 4 5 6 |  6.0
Fighting       | 1 2 |  2.0
Armour         | 1 2 |  2.0
Spellcasting   | 4 5 7 |  7.0
Ice Magic      | 2 5 7 |  7.5
Necromancy     | 5 |  5.0
Dodging        | |  1.7
Stealth        | |  2.4

Action                   |  1- 3 |  4- 6 |  7- 9 || total
-------------------------+-------+-------+-------++-------
Melee: Short sword       |    19 |     1 |     1 ||    21
       Flail             |       |       |     7 ||     7
       Dagger            |       |       |     1 ||     1
       Falchion          |       |       |     7 ||     7
       Unarmed           |       |       |     1 ||     1
 Fire: Hunting sling     |    28 |    48 |   160 ||   236
 Cast: Magic Dart        |    25 |    18 |    28 ||    71
       Searing Ray       |     8 |    18 |    45 ||    71
       Frozen Ramparts   |       |       |    29 ||    29
       Vampiric Draining |       |       |     6 ||     6
       Dispel Undead     |       |       |     1 ||     1
       Ice Form          |       |       |     1 ||     1
 Abil: Dig               |       |       |     1 ||     1
  Use: Scroll            |       |     3 |     1 ||     4
 Stab: Sleeping          |     1 |       |       ||     1
Armor: Robe              |    11 |     3 |    32 ||    46
Dodge: Dodged            |    42 |    15 |    98 ||   155
